 Dungeon Crawl Stone Soup version 0.19.0 (webtiles) character file.

63 Magifyre the Scratcher (level 3, 0/15 HPs)
             Began as a Felid Transmuter on Nov 10, 2016.
             Succumbed to an adder's poison
             ... on level 3 of the Dungeon.
             The game lasted 00:04:21 (1624 turns).

Magifyre the Scratcher (Felid Transmuter)           Turns: 1624, Time: 00:04:22

Health: 0/15       AC:  1    Str:  5 (6)  XL:     3   Next: 89%
Magic:  5/7        EV: 24    Int: 12 (14) God:
Gold:   167        SH:  0    Dex: 25 (26) Spells: 3 memorised, 0 levels left
                                        Lives:  0   Deaths: 0

rFire  . . .     SeeInvis +       - Unarmed
rCold  . . .     Gourm    .     (armour unavailable)
rNeg   . . .     Faith    .     (shield unavailable)
rPois  .         Spirit   .     (helmet unavailable)
rElec  .         Reflect  .     (cloak unavailable)
rCorr  .         Harm     .     (gloves unavailable)
MR     .....                    (boots unavailable)
Stlth  +++.......               (no amulet)
                                (no ring)
                                q - +4 ring of dexterity

@: agile, lethally poisoned (0 -> -17), quick
A: no armour, no weapons or thrown items, stealth, claws 1, fangs 3, see
invisible, carnivore 3, speed 1, shaggy fur 1, slow metabolism 1, sharp paws
a: no special abilities


You were on level 3 of the Dungeon.
You were completely stuffed.

You visited 1 branch of the dungeon, and saw 3 of its levels.

You collected 167 gold pieces.

Inventory:

Missiles
 a - 17 arrows
Jewellery
 q - a +4 ring of dexterity (left paw)
Scrolls
 d - 5 scrolls of fear {unknown}
 j - a scroll of teleportation {unknown}
 k - 2 scrolls of remove curse {unknown}
 l - 3 scrolls of identify {unknown}
 n - a scroll of enchant weapon {unknown}
Potions
 e - a potion of curing {unknown}
 f - a potion of degeneration
 g - a potion of resistance {unknown}
 h - a potion of cure mutation {unknown}
 i - a potion of lignification {unknown}
 p - a potion of agility
Books
 b - a book of Changes

   Spells                             Type                      Level
   a - Beastly Appendage              Transmutation                1
   b - Sticks to Snakes               Transmutation                2
   c - Spider Form                    Transmutation/Poison         3
   d - Ice Form                       Ice/Transmutation            4
   e - Blade Hands                    Transmutation                5
Comestibles
 c - a meat ration
 m - a chunk of flesh
 o - 2 beef jerkies


   Skills:
 - Level 1.0 Fighting
 - Level 2.6 Dodging
 + Level 4.8 Unarmed Combat
 - Level 2.0 Spellcasting
 - Level 2.1 Transmutations


You couldn't memorise any spells.
You knew the following spells:

 Your Spells              Type           Power        Failure   Level  Hunger
a - Beastly Appendage     Tmut           #.....       12%         1    ##.....
b - Sticks to Snakes      Tmut           #.......     17%         2    ###....
c - Spider Form           Tmut/Pois      #.........   56%         3    ####...


Dungeon Overview and Level Annotations

Branches:
Dungeon (3/15)

Altars:


Innate Abilities, Weirdness & Mutations

You cannot wear armour.
You are incapable of wielding weapons or throwing items.
Your paws allow you to move quietly. (Stealth)
You have sharp claws.
You have razor-sharp teeth.
You have supernaturally acute eyesight. (SInv)
You are carnivorous and can eat meat at any time.
You cover ground quickly.
You are covered in fur. (AC +1)
You have a slow metabolism.
Your sharp claws are effective at attacking unaware monsters.


Message History

The adder is heavily wounded.
You feel sick. The adder bites you.
* * * LOW HITPOINT WARNING * * *
You are more poisoned.
The adder poisons you!
Your ball python completely misses the adder.
Your ball python constricts the adder.
You scratch the adder.
You kill the adder!
* * * LOW HITPOINT WARNING * * *
You feel sick.
Unknown command.
It was a potion of degeneration.
There was something very wrong with that liquid.
You feel weakened.
You feel dopey.
You feel clumsy.
* * * LOW HITPOINT WARNING * * *
You feel sick.
It was a potion of agility.
You feel agile all of a sudden.
You die...

... ... ... #.#
########.# #......#.#
######### ##......#.#
#.......# #........@###
#.#####.#
#........S†.###.#####.#
#...###.###........##.#
#......# #####.##.##.#
#......### #.##.##.#
#........# #.......#
#.######.# ####.#### ..
..###.### #......# #
#.#.....# #.#.##.#


You could see a friendly ball python.

Vanquished Creatures
  2 adders
  5 dart slugs
  2 leopard geckos (D:1)
  5 bats
  2 giant cockroaches (D:1)
  4 goblins (D:1)
  2 hobgoblins
  3 frilled lizards (D:2)
  7 kobolds
  8 rats
40 creatures vanquished.

Notes
Turn   | Place    | Note
-------+----------+-------------------------------------------
     0 | D:1      | Magifyre the Felid Transmuter began the quest for the Orb.
     0 | D:1      | Reached XP level 1. HP: 9/9 MP: 4/4
   105 | D:1      | Reached XP level 2. HP: 12/12 MP: 6/6
   222 | D:1      | Reached skill level 4 in Unarmed Combat
   347 | D:1      | Reached XP level 3. HP: 13/15 MP: 5/7
   490 | D:1      | Learned a level 2 spell: Sticks to Snakes
   494 | D:1      | Learned a level 3 spell: Spider Form
  1318 | D:3      | Noticed Terence
  1624 | D:3      | Succumbed to an adder's poison

Skill      XL: |  1  2 |
---------------+-------+-----
Unarmed Combat | 4 |  4.8
Fighting       | |  1.0
Dodging        | |  2.6
Spellcasting   | |  2.0
Transmutations | |  2.1

Action                   || total
-------------------------++-------
Melee: Unarmed           ||    98
       Bite              ||     8
       Headbutt          ||     4
       Punch             ||     1
 Cast: Beastly Appendage ||    11
       Sticks to Snakes  ||     5
  Use: Potion            ||     2
 Stab: Sleeping          ||     6
       Distracted        ||     1
  Eat: Chunk             ||     9
Armor: Skin              ||     7
Dodge: Dodged            ||    81
